 Dungeon Crawl Stone Soup version 0.18-a0-660-gd91f0cb (webtiles) character file.

7130 Aethei the Severer (level 11, -11/94 (99) HPs)
             Began as a Hill Orc Fighter on Dec 5, 2015.
             Was a Priest of the Shining One.
             Mangled by Gastronok (31 damage)
             ... on level 9 of the Dungeon.
             The game lasted 00:32:13 (9771 turns).

Aethei the Severer (Hill Orc Fighter)               Turns: 9771, Time: 00:32:14

HP:   -11/94 (99)   AC: 14    Str: 20    XL:     11   Next: 10%
MP:   13/13         EV: 10    Int:  8    God:    the Shining One [***...]
Gold: 505           SH:  0    Dex: 13    Spells: 0 memorised, 10 levels left

rFire  . . .     SeeInvis .     h - +3 battleaxe
rCold  . . .     Clarity  .     m - +0 ring mail {MR+}
rNeg   + + .     SustAt   .     (shield currently unavailable)
rPois  .         Gourm    .     l - +2 helmet
rElec  .         Spirit   .     t - +0 cloak
rCorr  .         Dismiss  .     o - +0 pair of gloves
rMut   .         Stasis   .     k - +0 pair of boots
MR     +....                    (no amulet)
Stlth  +.........               H - ring of positive energy
                                s - ring of flight

@: glowing, somewhat resistant to hostile enchantments, very unstealthy
A: no striking features
a: Divine Shield, Renounce Religion, Evoke Flight


You were on level 9 of the Dungeon.
You worshipped the Shining One.
The Shining One was most pleased with you.
You were not hungry.

You visited 1 branch of the dungeon, and saw 9 of its levels.

You collected 505 gold pieces.

Inventory:

Hand Weapons
 a - a +1 war axe
 h - a +3 battleaxe (weapon)
 y - a +0 dire flail
Armour
 b - a +0 scale mail
 c - a +0 shield
 k - a +0 pair of boots (worn)
 l - a +2 helmet (worn)
 m - a +0 ring mail of magic resistance (worn)
 o - a +0 pair of gloves (worn)
 t - a +0 cloak (worn)
Jewellery
 d - an uncursed ring of teleportation
 s - a ring of flight (left hand)
 w - an uncursed ring of loudness
 F - an uncursed ring of stealth
 H - a ring of positive energy (right hand)
Wands
 i - a wand of disintegration (0)
 x - a wand of polymorph (13)
 z - a wand of cold (0)
 C - a wand of frost (0)
Scrolls
 g - 2 scrolls of enchant weapon
 B - 4 scrolls of remove curse
Potions
 f - a potion of flight
 p - a potion of lignification
 r - 4 potions of brilliance
 u - 5 potions of curing
 v - a potion of berserk rage
Comestibles
 e - 5 bread rations
 j - 6 beef jerkies
 n - 20 fruits
 q - 8 meat rations
 E - 5 slices of pizza


   Skills:
 + Level 10.0 Fighting
 * Level 15.3 Axes
 + Level 9.3 Armour
 - Level 3.2 Shields
 + Level 2.7 Invocations


You had 10 spell levels left.
You didn't know any spells.

Dungeon Overview and Level Annotations

Branches:
Dungeon (9/15)             Temple (0/1) D:5
   Lair: D:8-11         Orc: D:9-12

Altars:
Elyvilon
Kikubaaqudgha
Qazlal
Sif Muna
Trog
Vehumet
Yredelemnul
The Shining One

Shops:
D:4 [

Annotations:
D:9 Gastronok


Message History

Gastronok is moderately wounded.
Gastronok bites you!!
You slash Gastronok!
Gastronok is moderately wounded.
You slash Gastronok!
Gastronok is heavily wounded.
Gastronok waves his eye-stalks in wide circles.
The air twists around and strikes you!
You slash Gastronok!
Gastronok is heavily wounded.
You slash Gastronok!
Gastronok is heavily wounded.
Gastronok bites you!!
* * * LOW HITPOINT WARNING * * *
You slice Gastronok!!
Gastronok is severely wounded.
You slash Gastronok!
Gastronok is almost dead.
Gastronok bites you!!
You die...

#.. #.#
#.# #.#
#.# #Y#
#w# #@#
#.# #.#
#.# #.#
#.#
#.###
#.
#...##
#..
##....#
#.#


You could see Gastronok and a sky beast.

Vanquished Creatures
  A hydra (D:8)
  Pikel (D:9)
  The ghost of chequers the Grappler, a novice TrTm of Cheibriados (D:7)
  Joseph (D:9)
  Psyche (D:8)
  A troll (D:9)
  2 wraiths (D:7)
  2 yaks (D:8)
  Menkaure (D:5)
  Edmund (D:5)
  A hippogriff (D:7)
  A water moccasin (D:6)
  An orc warrior (D:6)
  6 sky beasts
  A phantom (D:4)
  2 necrophages (D:7)
  5 ogres
  The ghost of miek the Chiller, an amateur HuIE (D:3)
  2 ice beasts
  3 big kobolds (D:8)
  Blork the orc (D:6)
  5 giant frogs
  4 killer bees
  2 wights (D:7)
  3 crimson imps
  5 hounds
  A quasit (D:9)
  2 centaur skeletons
  2 giant frog skeletons (D:7)
  A centaur zombie (D:6)
  4 human zombies (D:7)
  An orc priest (D:5)
  2 water moccasin simulacra (D:9)
  A human skeleton (D:7)
  2 iguanas
  Terence (D:2)
  3 orc wizards
  5 worker ants
  2 sheep (D:8)
  An ogre zombie (D:7)
  3 hound skeletons
  A mummy (D:7)
  9 adders
  A shadow imp (D:7)
  A hound simulacrum (D:9)
  A white imp (D:9)
  A worker ant simulacrum (D:9)
  An ooze (D:2)
  An adder zombie (D:5)
  2 worms
  An adder simulacrum (D:9)
  7 giant geckos
  4 orcs
  6 bats
  5 hobgoblins
  3 jackals (D:3)
  7 kobolds
  2 quokkas
  2 ball pythons (D:3)
  8 giant cockroaches
  A giant gecko simulacrum (D:9)
  A giant gecko skeleton (D:8)
  5 giant newts
  7 goblins
  An orc zombie (D:7)
  8 rats
172 creatures vanquished.

Vanquished Creatures (others)
  A hound (D:9)
1 creature vanquished.

Grand Total: 173 creatures vanquished

Notes
Turn   | Place    | Note
--------------------------------------------------------------
     0 | D:1      | Aethei the Hill Orc Fighter began the quest for the Orb.
     0 | D:1      | Reached XP level 1. HP: 19/19 MP: 1/1
   215 | D:1      | Reached XP level 2. HP: 24/26 MP: 2/2
   550 | D:1      | Reached skill level 4 in Axes
   810 | D:1      | Reached XP level 3. HP: 31/31 MP: 3/3
  1107 | D:2      | Found a faded altar to an unknown god.
  1114 | D:2      | Noticed Terence
  1124 | D:2      | Killed Terence
  1124 | D:2      | Reached skill level 5 in Axes
  1165 | D:2      | Reached XP level 4. HP: 35/39 MP: 4/4
  1436 | D:2      | Reached skill level 6 in Axes
  1868 | D:2      | Found a glowing golden altar of the Shining One.
  1873 | D:2      | Became a worshipper of the Shining One
  1980 | D:3      | Noticed miek's ghost (amateur HuIE)
  2080 | D:3      | Killed miek's ghost
  2080 | D:3      | Reached skill level 7 in Axes
  2080 | D:3      | Reached XP level 5. HP: 31/45 MP: 5/5
  2292 | D:3      | Found a stormy altar of Qazlal.
  3493 | D:4      | Reached XP level 6. HP: 52/52 MP: 6/6
  3564 | D:4      | Reached skill level 8 in Axes
  3812 | D:4      | Found Idehes's Antique Armour Boutique.
  3910 | D:4      | Found a white marble altar of Elyvilon.
  3987 | D:4      | Reached XP level 7. HP: 44/60 MP: 7/7
  4300 | D:4      | Reached skill level 9 in Axes
  4597 | D:5      | Entered Level 5 of the Dungeon
  4688 | D:5      | Noticed Edmund
  4706 | D:5      | Killed Edmund
  4706 | D:5      | Reached skill level 5 in Fighting
  4919 | D:5      | Found a staircase to the Ecumenical Temple.
  4961 | D:5      | Noticed Menkaure
  4971 | D:5      | Killed Menkaure
  4971 | D:5      | Reached skill level 5 in Armour
  4971 | D:5      | Reached XP level 8. HP: 26/68 MP: 8/8
  5232 | D:5      | Reached * piety under the Shining One
  5241 | D:5      | Reached skill level 10 in Axes
  5524 | D:6      | Found a bloodstained altar of Trog.
  5898 | D:6      | Reached skill level 11 in Axes
  6041 | D:6      | Noticed Blork the orc
  6051 | D:6      | Killed Blork the orc
  6175 | D:6      | Found a deep blue altar of Sif Muna.
  6417 | D:7      | Noticed chequers's ghost (novice TrTm)
  6427 | D:7      | Killed chequers's ghost
  6427 | D:7      | Reached skill level 12 in Axes
  6427 | D:7      | Reached XP level 9. HP: 41/79 MP: 9/9
  6940 | D:7      | Found a basalt altar of Yredelemnul.
  6986 | D:7      | Reached ** piety under the Shining One
  7025 | D:7      | Reached skill level 13 in Axes
  7341 | D:8      | Noticed Psyche
  7347 | D:8      | Killed Psyche
  7347 | D:8      | Reached XP level 10. HP: 83/85 MP: 10/10
  7757 | D:8      | Noticed a three-headed hydra
  8170 | D:8      | Reached skill level 14 in Axes
  8652 | D:8      | Killed a four-headed hydra
  8954 | D:8      | Upgraded the game from 0.18-a0-659-gb9673d2 to 0.18-a0-660-gd91f0cb
  9015 | D:8      | Found an ancient bone altar of Kikubaaqudgha.
  9015 | D:8      | Found a radiant altar of Vehumet.
  9117 | D:9      | Reached *** piety under the Shining One
  9507 | D:9      | Noticed Pikel
  9510 | D:9      | Noticed Joseph
  9516 | D:9      | Killed Pikel
  9516 | D:9      | Reached skill level 15 in Axes
  9516 | D:9      | Reached skill level 1 in Invocations
  9522 | D:9      | Killed Joseph
  9522 | D:9      | Reached XP level 11. HP: 72/94 MP: 10/12
  9638 | D:9      | Reached skill level 10 in Fighting
  9758 | D:9      | Noticed Gastronok
  9771 | D:9      | Mangled by Gastronok

Vault maps used:
D:1:      ncdulo_smallfort, grunt_decor_cap
D:2:      nicolae_tso_swordbearing_angel, ecumenical_altar_1,
          minmay_misc_feat_plants, supply_closet_lemuel, uniq_terence
D:3:      wad_lake_hut, lemuel_doored_altar, serial_co_window_serial,
          co_window_corner_a, co_window_paths_a, co_window_paths_a,
          co_window_paths_b, co_window_of_opportunity_a,
          co_window_unsneaky_path_b, co_window_paths_c,
          co_window_unsneaky_path_e, co_window_of_opportunity_b
D:4:      lemuel_round_altar, first_bread, serial_shops, shop
D:5:      uniq_menkaure, uniq_edmund
D:6:      tgw_sif, kennysheep_little_box, kennysheep_generic_room_10
D:7:      lemuel_mausoleum_altar_yredelemnul
D:8:      gammafunk_temple_overflow_wave, hangedman_ranch, uniq_psyche
D:9:      serial_ice, serial_ice_l, serial_ice_n, serial_ice_a, serial_ice_m,
          serial_ice_h, serial_ice_b, serial_ice_o, serial_ice_d, uniq_pikel,
          uniq_joseph, uniq_gastronok

Action                   |  1- 3 |  4- 6 |  7- 9 | 10-12 || total
-------------------------+-------+-------+-------+-------++-------
Melee: War axe           |    75 |   163 |   235 |       ||   473
       Battleaxe         |       |       |     8 |   126 ||   134
       Dire flail        |       |       |       |    17 ||    17
Evoke: Wand              |       |       |    13 |     7 ||    20
  Use: Potion            |     1 |       |       |     1 ||     2
       Scroll            |       |     7 |     5 |     6 ||    18
  Eat: Chunk             |     1 |     9 |     7 |     7 ||    24
       Pizza             |       |       |     1 |     1 ||     2
       Royal jelly       |       |       |     1 |       ||     1
